 Dungeon Crawl Stone Soup version 0.31.0-1-g2c135a0 (webtiles) character file.

Game seed: 1066122383166455345

2646 bob002 the Ruffian (level 9, -5/73 (85) HPs)
             Began as a Troll Berserker on Mar 15, 2024.
             Was a Priest of Trog.
             Slain by a wight
             ... wielding a +2 great sword
              (17 damage)
             ... on level 8 of the Dungeon.
             The game lasted 01:18:26 (6127 turns).

bob002 the Ruffian (Troll Berserker)                Turns: 6127, Time: 01:18:27

HP:   -5/73 (85)    AC:  3    Str: 36    XL:     9   Next: 35%
MP:   7/7           EV: 10    Int:  5    God:    Trog [***...]
Gold: 387           SH:  0    Dex:  8    Spells: 8/8 levels left

rFire   + . .        e - +12 mace "Buemit" {drain, rPois rF+ rC- rCorr}
rCold   x . .        (no shield)
rNeg    . . .        v - +0 robe
rPois   +            (helmet currently unavailable)
rElec   +            l - melded +0 cloak
rCorr   +            (gloves unavailable)
SInv    +            (boots unavailable)
Will    +....        o - amulet of the acrobat
Stlth   ++           i - +6 ring of strength
HPRegen 1.12/turn    n - ring "Jecwiah" {rElec Will+ Int-2 SInv Stlth+}
MPRegen 0.10/turn

%: acrobat
@: beast-form, on berserk cooldown, slowed, heavily drained, very slow
A: beast (slay +2), large, unfitting armour, claws 3, regeneration 1, shaggy fur
1, tough skin 1, clever 1, deformed body, low MP 1
a: Begin Untransformation, Renounce Religion, Berserk, Trog's Hand


You were on level 8 of the Dungeon.
You worshipped Trog.
Trog was most pleased with you.
You were a hulking beast.
You visited 2 branches of the dungeon, and saw 9 of its levels.

You collected 387 gold pieces.

Inventory:

Hand Weapons
 e - the +12 mace "Buemit" (weapon) {drain, rPois rF+ rC- rCorr}
   (You found it on level 5 of the Dungeon)

   rF+:       It protects you from fire.
   rC-:       It makes you vulnerable to cold.
   rPois:     It protects you from poison rCorr: It protects you from acid and
   corrosion.
 u - a +1 orcbow of freezing
Missiles
 b - 124 stones (quivered)
Armour
 a - a +1 animal skin
 l - a +0 cloak (melded)
 v - a +0 robe (worn)
Jewellery
 i - a +6 ring of strength (left claw)
 k - a ring of willpower
 n - the ring "Jecwiah" (right claw) {rElec Will+ Int-2 SInv Stlth+}
   (You acquired it on level 6 of the Dungeon)

   [ring of see invisible]

   Int-2:     It affects your intelligence (-2).
   rElec:     It insulates you from electricity.
   Will+:     It increases your willpower.
   SInv:      It lets you see invisible.
   Stlth+:    It makes you more stealthy.
 o - an amulet of the acrobat (around neck)
Talismans
 m - a beast talisman (active)
 z - a flux talisman
Wands
 C - a wand of digging (6)
Scrolls
 c - 3 scrolls of amnesia
 h - 2 scrolls of immolation
 q - 2 scrolls of teleportation
 t - a scroll of blinking
 A - 2 scrolls of noise
Potions
 d - 3 potions of attraction
 s - 2 potions of enlightenment
 w - a potion of berserk rage
 x - a potion of magic
 B - 2 potions of might


   Skills:
 + Level 4.3 Fighting
 + Level 5.3 Maces & Flails
 + Level 4.7 Dodging
 + Level 1.5 Stealth
 + Level 7.3 Unarmed Combat
 + Level 4.8 Shapeshifting


You had 8 spell levels left.
You didn't know any spells.
Your spell library contained the following spells:

 Spells                   Type           Power      Damage    Failure   Level
 Call Imp                 Summ           0%         N/A       63%         2
 Sublimation of Blood     Necr           0%         N/A       63%         2
 Dazzling Flash           Conj/Hex       0%         N/A       85%         3
 Mephitic Cloud           Conj/Alch/Air  0%         N/A       85%         3
 Passage of Golubria      Tloc           0%         N/A       99%         4
 Curse of Agony           Necr           0%         N/A       100%        5
 Silence                  Hex/Air        0%         N/A       100%        5
 Summon Hydra             Summ           0%         N/A       100%        7
 Lehudib's Crystal Spear  Conj/Erth      0%         10d2      100%        8


Dungeon Overview and Level Annotations

Branches:
Dungeon (8/15)             Temple (1/1) D:7
   Lair: D:8-11

Altars:
Ashenzari
Cheibriados
Dithmenos
Elyvilon
Fedhas
Gozag
Hepliaklqana
Kikubaaqudgha
Makhleb
Nemelex Xobeh
Okawaru
Ru
Sif Muna
Trog
Uskayaw
Vehumet
Wu Jian
Xom
Yredelemnul
Zin
The Shining One

Annotations:
Temple 4 transporters


Innate Abilities, Weirdness & Mutations

You are a hulking beast.
Your limbs bulge with bestial killing power. (Slay +2)
You are too large for most types of armour.
You have claws for hands.
Your natural rate of healing is unusually fast.
You are covered in fur. (AC +1)
You have tough skin. (AC +1)
Your mind is acute. (Int +4, Str/Dex -1)
Armour fits poorly on your strangely shaped body.
Your magical capacity is low. (-10% MP)


Message History

You sock the wight!
You destroy the wight!
Trog accepts your kill. 2 wights come into view.
Things that are here:
a +2 vampiric great sword; a +0 robe You feel a strong urge to attack something.
You sock the wight!
The wight is almost destroyed.
You bludgeon the wight!!
You destroy the wight!
Trog accepts your kill. The wight misses you.
Found a maw talisman.
You feel a strong urge to attack something.
The wight misses you.
The wight hits you with a +2 great sword!
You feel drained.
You thump the wight!
The wight is almost destroyed.
You are no longer berserk.
You are exhausted.
You feel yourself slow down.
You hit the wight but do no damage.
The wight is almost destroyed.
The wight hits you with a +2 halberd!
You feel drained.
The wight hits you with a +2 great sword!
You feel drained.
The wight hits you with a +2 great sword!
* * * LOW HITPOINT WARNING * * *
You feel drained.
* * * LOW HITPOINT WARNING * * *
The wight hits you with a +2 halberd!
* * * LOW HITPOINT WARNING * * *
You feel much better. The wight hits you with a +2 halberd!
* * * LOW HITPOINT WARNING * * *
You feel drained.
* * * LOW HITPOINT WARNING * * *
The wight hits you with a +2 great sword!
You die...

...... ... ### ....#. ..+###..%
...... .........
....#.###........
...#...#.........
.........#......# ...
#......z...+ ...#####...hz...#
... .........)####### .....
#...#.........# .....
#.............+
...#.##.#.#.........#
#.#...#......##.....#
......#.............##+####+##..
. #.................#...........
#####...............#...........


You could see 2 wights.

Vanquished Creatures
  A troll (D:8)
  2 water moccasins (D:5)
  2 ice beasts
  3 black bears
  2 ogres (D:5)
  2 centaurs (D:6)
  2 kobold brigands
  6 bullfrogs
  3 scorpions
  2 wights (D:8)
  2 howler monkeys (D:7)
  3 hounds
  A bombardier beetle (D:4)
  3 jellies
  An iguana (D:4)
  3 sleepcaps
  3 orc wizards
  4 gnolls
  3 adders
  A shadow imp (D:6)
  A white imp (D:5)
  5 dart slugs
  8 orcs
  9 ball pythons
  4 endoplasms
  9 goblins
  13 hobgoblins
  2 jackals (D:1)
  2 quokkas
  4 bats
  6 frilled lizards
  20 kobolds
  5 rats
137 creatures vanquished.

Notes
Turn   | Place    | Note
-------+----------+-------------------------------------------
     0 | D:1      | bob002 the Troll Berserker began the quest for the Orb.
     0 | D:1      | Reached XP level 1. HP: 22/22 MP: 0/0
    53 | D:1      | Reached XP level 2. HP: 29/29 MP: 1/1
   208 | D:1      | Found a faded altar of an unknown god.
   328 | D:1      | Reached XP level 3. HP: 36/36 MP: 2/2
   600 | D:1      | Reached ** piety under Trog
   672 | D:1      | Gained mutation: Armour fits poorly on your strangely
                  | shaped body. [potion of mutation]
   672 | D:1      | Gained mutation: Your magical capacity is low. (-10% MP)
                  | [potion of mutation]
   672 | D:1      | Gained mutation: Your mind is acute. (Int +4, Str/Dex -1)
                  | [potion of mutation]
  1540 | D:2      | Reached XP level 4. HP: 44/44 MP: 2/2
  1576 | D:2      | Reached skill level 4 in Unarmed Combat
  2307 | D:3      | Reached XP level 5. HP: 52/52 MP: 3/3
  2798 | D:4      | Reached skill level 1 in Shapeshifting
  3058 | D:4      | Reached skill level 5 in Unarmed Combat
  3211 | D:4      | Reached *** piety under Trog
  3222 | D:4      | Reached XP level 6. HP: 59/59 MP: 4/4
  3352 | D:5      | Entered Level 5 of the Dungeon
  3360 | D:5      | Noticed a water moccasin
  3363 | D:5      | Killed a water moccasin
  3364 | D:5      | Reached skill level 6 in Unarmed Combat
  3438 | D:5      | Identified the +12 mace "Buemit" {drain, rPois rF+ rC-
                  | rCorr}
  3455 | D:5      | Noticed a water moccasin
  3464 | D:5      | Killed a water moccasin
  3465 | D:5      | Reached XP level 7. HP: 67/67 MP: 5/5
  3565 | D:5      | Found a bloodstained altar of Trog.
  3812 | D:5      | Reached skill level 1 in Maces & Flails
  3812 | D:5      | Reached skill level 7 in Unarmed Combat
  4060 | D:5      | Reached skill level 1 in Stealth
  4060 | D:5      | Reached XP level 8. HP: 65/75 MP: 6/6
  4164 | D:5      | Found an iron altar of Okawaru.
  4367 | D:6      | Found a sacrificial altar of Ru.
  4369 | D:6      | Found a blossoming altar of Fedhas.
  4369 | D:6      | Found a basalt altar of Yredelemnul.
  4371 | D:6      | Found a shimmering altar of Xom.
  4817 | D:6      | Identified a scroll of acquirement
  4818 | D:6      | Acquired the ring "Jecwiah" {rElec Will+ Int-2 SInv Stlth+}
  5367 | D:7      | Found a staircase to the Ecumenical Temple.
  5385 | D:7      | Reached XP level 9. HP: 78/84 MP: 7/7
  5662 | Temple   | Found a transporter.
  5662 | Temple   | Found a transporter.
  5662 | Temple   | Found a transporter.
  5662 | Temple   | Found a transporter.
  5662 | Temple   | Entered the Ecumenical Temple
  5845 | D:8      | Noticed a troll
  5865 | D:8      | Killed a troll
  5947 | D:8      | Reached skill level 5 in Maces & Flails
  6127 | D:8      | Slain by a wight

Illustrated notes

Levels and vault maps discovered:
D:1:      doesnt_arrival_eight_statues, layout_basic, basic_ecumenical_altar
D:2:      layout_loops_ring
D:3:      layout_basic
D:4:      layout_basic
D:5:      layout_loops_ring, okawaru_altar_gauntlet_db, trog_ov_bears_minmay,
          lemuel_flamethrower_2
D:6:      layout_basic, chequers_temple_overflow_statue_of_worship
D:7:      layout_rooms, minmay_temple_entry_stoned_glass, kennysheep_path_1
D:8:      layout_gridville, serial_rivers, chequers_serial_rivers_marsh,
          chequers_serial_rivers_micro_d, chequers_serial_rivers_micro_b,
          chequers_serial_rivers_micro_d, hangedman_decor_lopped
Temple:   hellmonk_temple_divided_pantheon

Skill      XL: |  1  2  3  4  5  6  7  8  9 |
---------------+----------------------------+-----
Dodging        | 3 4 |  4.7
Unarmed Combat | 4 5 6 7 |  7.3
Shapeshifting  | 1 2 3 4 |  4.8
Fighting       | 3 4 |  4.3
Maces & Flails | 1 4 5 |  5.3
Stealth        | 1 |  1.5

Action                     |  1- 3 |  4- 6 |  7- 9 || total
---------------------------+-------+-------+-------++-------
  Melee: Unarmed           |    83 |    82 |       ||   165
         Mace              |       |     7 |   148 ||   155
         Punch             |       |       |     6 ||     6
 Invoke: Berserk           |     2 |     5 |    11 ||    18
         Trog's Hand       |       |     1 |     1 ||     2
    Use: Scroll            |     6 |     5 |     8 ||    19
         Potion            |     2 |     2 |     3 ||     7
   Stab: Sleeping          |       |       |     2 ||     2
 Armour: Animal skin       |    49 |    37 |       ||    86
         Robe              |       |     5 |   101 ||   106
  Dodge: Dodged            |    40 |    33 |    78 ||   151
   Form: Beast             |     1 |     1 |       ||     2
                           |       |     1 |       ||     1
